[Event "44th Chess Olympiad Open 2022"]
[Site "Chennai"]
[Date "2022.08.09"]
[Round "11.9"]
[White "Berkes, Ferenc"]
[Black "Tabatabaei, M. Amin"]
[Result "1/2-1/2"]
[ECO "E51"]
[WhiteElo "2649"]
[BlackElo "2664"]
[Annotator "TA"]
[PlyCount "191"]
[EventDate "2022.07.29"]
[EventType "team-tourn"]
[EventCountry "IND"]
[SourceTitle "playchess.com"]
[Source "ChessBase"]
[SourceQuality "1"]
[WhiteTeam "Hungary"]
[BlackTeam "Iran"]
[WhiteTeamCountry "HUN"]
[BlackTeamCountry "IRI"]
[TimeControl "40/5400+30:1800+30"]

1. d4 Nf6 2. c4 e6 3. Nc3 Bb4 4. e3 O-O 5. Bd3 d5 6. a3 dxc4 7. Bxc4 Be7 8. Nf3 c5 9. O-O a6 10. dxc5 Bxc5 11. Qe2 b5 12. Ba2 Bb7 13. e4 Nbd7 (13... Qc7 $1 $11) 14. e5 $1 $14 Bxf3 15. gxf3 Nh5 16. Rd1 {[%emt 0:03:34] Prevents Bd4. aiming for Ne4.} Qe7 $2 {[%emt 0:02:35] [#]} (16... Qc7 $14) 17. Ne4 $1 $18 Ba7 18. Bg5 f6 19. exf6 gxf6 {[%emt 0:01:47] [#]} (19... Ndxf6 $142 20. Nd6 h6) 20. Rxd7 $1 Qxd7 {[%emt 0:00:06] [#]} 21. Nxf6+ $1 Rxf6 22. Bxf6 Bxf2+ 23. Kxf2 Qa7+ 24. Qe3 Nxf6 25. Bxe6+ Kf8 {[%emt 0:00:04] ...Qxe3+ is the strong threat.} 26. Rc1 Qxe3+ 27. Kxe3 {[%emt 0:00:06][%mdl 4096] Endgame KRB-KRN} Ke7 28. Rc6 Ne8 (28... a5 $142 29. Ba2 Nd7) 29. Kd4 a5 30. Ke5 b4 31. Rb6 {[%emt 0:04:37] Black must now prevent Rb7+.} Nc7 (31... Ra7 $142 32. Bf5 (32. axb4 axb4 33. Bg8 Kf8 $18) 32... bxa3 33. bxa3 a4 34. Bxh7 Ra5+ 35. Kd4 Nc7) 32. Rb7 ({Resist} 32. axb4 $6 axb4 33. Bf5 Ra5+ 34. Ke4 Nd5 35. Re6+ Kf8 $16) 32... Kd8 33. axb4 axb4 34. Rxb4 Ra5+ 35. Kf6 Ne8+ 36. Kf7 {[%emt 0:00:07] And now Rd4+ would win.} Nd6+ 37. Kf6 {[%emt 0:00:40] Strongly threatening Rd4.} Ne8+ 38. Kf7 Nd6+ 39. Kg7 Ke7 {[%emt 0:02:31] [#]} 40. Bg4 $1 h5 41. Bh3 Rg5+ 42. Kh7 Nf7 (42... Rg1 $16 {might work better.} 43. Kh6 Rh1 44. Kxh5 Rxh2) 43. f4 Rg1 44. Rb7+ Kf8 45. Rb8+ Ke7 46. Rg8 Re1 47. Rg2 {[%emt 0:00:00] Prevents Re2.} Re3 {[%emt 0:00:00] [#]} 48. Kg7 $1 Nd6 49. Rg3 Re2 50. b3 h4 51. Rf3 Ne8+ 52. Kg6 Rxh2 53. Kg5 Nd6 54. Re3+ Kf7 55. f5 (55. Bg4 $16) 55... Rh1 56. Bg4 {[%emt 0:00:00] Hoping for Re6.} Kg7 57. Bh3 Kf7 $1 58. Kg4 (58. Kf4 $14 {feels stronger.}) 58... Kg7 (58... Rd1 $1 $11 {should be considered.}) 59. Re7+ Kf8 60. Re6 Rd1 61. Kxh4 Rd3 62. b4 Rd4+ 63. Kh5 $1 Nxf5 64. Bxf5 Rxb4 $14 {[%emt 0:00:01] KRB-KR} 65. Bg6 Kg7 66. Kg5 Rb7 67. Rf6 Rc7 68. Bf5 Rf7 69. Re6 Kf8 70. Bg6 Re7 71. Rd6 Rc7 72. Kf6 Rf7+ $1 73. Ke6 Re7+ 74. Kf5 Rc7 75. Re6 Kg7 76. Kg5 (76. Rb6 $14) 76... Rc5+ (76... Rb7 $1 $11) 77. Bf5 Kf7 78. Rd6 Rc7 79. Rh6 {[%emt 0:00:13] Rh7+ would kill now.} Ke7 80. Re6+ Kd8 81. Kf6 {[%emt 0:00:07] White threatens Rd6+ and mate.} Rc5 82. Be4 Kd7 83. Ra6 Rc1 84. Ke5 Rc5+ 85. Bd5 Rc7 86. Rh6 Ke7 87. Bc6 Kd8 88. Rh8+ Ke7 89. Bd5 Kd7 90. Rh1 Ke7 91. Rh6 Kd7 92. Rg6 Ke7 93. Ra6 Kd7 94. Rd6+ Ke7 95. Bc6 Kf7 96. Be4 1/2-1/2

[Event "44th Chess Olympiad Open 2022"]
[Site "Chennai"]
[Date "2022.08.09"]
[Round "11.9"]
[White "Idani, Pouya"]
[Black "Banusz, Tamas"]
[Result "0-1"]
[ECO "B30"]
[WhiteElo "2641"]
[BlackElo "2611"]
[Annotator "TA"]
[PlyCount "76"]
[EventDate "2022.07.29"]
[EventType "team-tourn"]
[EventCountry "IND"]
[SourceTitle "playchess.com"]
[Source "ChessBase"]
[SourceQuality "1"]
[WhiteTeam "Iran"]
[BlackTeam "Hungary"]
[WhiteTeamCountry "IRI"]
[BlackTeamCountry "HUN"]
[TimeControl "40/5400+30:1800+30"]

1. e4 c5 2. Nf3 Nc6 3. Bb5 e6 4. O-O Nge7 5. d4 cxd4 6. Nxd4 Ng6 $1 {[%emt 0:00:09][%mdl 4] now scores much better than the old 6...Qb6. B30: Sicilian: 2...Nc6 3 Bb5, lines without ...g6.} 7. Be3 Be7 8. c3 O-O {[%emt 0:00:23] White has an edge.} 9. Nd2 Nxd4 10. cxd4 d5 11. e5 {[%emt 0:03:48] [#]} Nh4 $146 ({Predecessor:} 11... Qb6 12. Qb3 f6 13. f4 Nh4 14. Bf2 fxe5 15. dxe5 Qa5 16. Be1 Bb4 17. Bxh4 Qxb5 {½-½ (40) Dragnev,V (2548)-Tarun,K (2321) Terme Catez 2021}) 12. f4 Bd7 13. Bd3 Qb6 14. a4 Rac8 (14... Qxb2 $11 15. Rb1 Qc3) 15. Bf2 (15. Qh5 Nf5 16. Qe2 Nxe3 17. Qxe3 Rc7 $15) 15... Ng6 16. g3 Qxb2 17. Rb1 Qc3 18. Qe2 (18. Rb3 $1 $11 Qc7 19. Qa1) 18... Bxa4 $15 19. Rxb7 (19. h4 $15) 19... Rc7 ({Black should play} 19... a5 $1 $17 20. Bxg6 hxg6 21. Rxe7 Qb4) 20. Rxc7 Qxc7 21. Nf3 Rb8 ({Better is} 21... a5 $17 22. Be3 Rb8) 22. h4 (22. Ra1 $15 Bd7 23. Qa2) 22... Qc3 23. h5 Nf8 {[%emt 0:01:20] Black is more active.} 24. g4 (24. Be1 $17 {was worth a try.} Qa3 25. Bd2) 24... Rb2 (24... Rb3 $1 $19 {has better winning chances.} 25. Ne1 h6) 25. Qe3 $17 Rb3 (25... Qa3 $17 {Strongly threatening ...Rb3.} 26. Rb1 Rxb1+ 27. Bxb1 Qb2) 26. Ne1 (26. Nd2 $1 $11 Qxd3 27. Nxb3 Qxb3 28. Qxb3 Bxb3 29. Rb1) 26... Bb5 (26... Bd7 $17 {Hoping for ...a5.} 27. f5 exf5 28. gxf5 Bxf5 $1 29. Bxf5 Qxe3 30. Bxe3 Rxe3) 27. Bxb5 $15 Qxe3 28. Bxe3 Rxb5 29. Nf3 a5 {[%emt 0:01:04][%cal Ba7a5,Ba5b4,Bb4b3][%mdl 32] White must now prevent ...a4.} 30. Ra1 Nd7 31. Bd2 $1 Bb4 32. Bxb4 axb4 {[%emt 0:00:07][%mdl 4096] Endgame KRN-KRN} ({Don't play} 32... Rxb4 33. Rxa5 Kf8 34. f5 $14) 33. Rb1 (33. Ra7 $15) 33... b3 $19 34. Rb2 Rb4 35. g5 Kf8 36. h6 (36. Kg2 {keeps fighting.}) 36... g6 (36... gxh6 $142 37. gxh6 Nb6) 37. Kf1 $2 {[%emt 0:05:18] [#]} (37. Kg2) 37... Nb6 $1 38. Nd2 Nc4 {[%emt 0:00:22] Weighted Error Value: White=0.64/Black=0.25 (precise)} 0-1

[Event "44th Chess Olympiad Open 2022"]
[Site "Chennai"]
[Date "2022.08.09"]
[Round "11.9"]
[White "Acs, Peter"]
[Black "Mousavi, Seyed Khalil"]
[Result "1-0"]
[ECO "C55"]
[WhiteElo "2575"]
[BlackElo "2537"]
[Annotator "RC"]
[PlyCount "83"]
[EventDate "2022.07.29"]
[EventType "team-tourn"]
[EventCountry "IND"]
[SourceTitle "playchess.com"]
[Source "ChessBase"]
[SourceQuality "1"]
[WhiteTeam "Hungary"]
[BlackTeam "Iran"]
[WhiteTeamCountry "HUN"]
[BlackTeamCountry "IRI"]
[TimeControl "40/5400+30:1800+30"]

1. e4 e5 2. Nf3 Nc6 3. Bc4 Nf6 4. d3 Bc5 5. O-O O-O 6. Nc3 Nd4 7. Nxd4 Bxd4 8. Ne2 Bb6 9. Ng3 c6 10. h3 d5 11. Bb3 Be6 12. Qf3 Qd7 13. Be3 Bc7 14. Rad1 a5 15. a4 d4 16. Bg5 Ne8 17. Bxe6 Qxe6 18. b3 b5 19. Ra1 Nd6 20. Qe2 Nb7 21. f4 f6 22. f5 Qf7 23. Bd2 Nc5 24. Nh5 bxa4 25. bxa4 Rfb8 26. g4 Kf8 27. g5 Ke7 28. Kh1 h6 29. gxf6+ gxf6 30. Rg1 Rg8 31. Rg6 Nd7 32. Rag1 Kd6 33. Bxh6 Rxg6 34. fxg6 Qa2 35. Ng7 Qxa4 36. Nf5+ Kc5 37. g7 Qa2 38. Bc1 a4 39. h4 a3 40. h5 Qg8 41. Bxa3+ Rxa3 42. Nh6 1-0

[Event "44th Chess Olympiad Open 2022"]
[Site "Chennai"]
[Date "2022.08.09"]
[Round "11.10"]
[White "Fressinet, Laurent"]
[Black "Mastrovasilis, Athanasios"]
[Result "1/2-1/2"]
[ECO "E02"]
[WhiteElo "2631"]
[BlackElo "2527"]
[Annotator "TA"]
[PlyCount "128"]
[EventDate "2022.07.29"]
[EventType "team-tourn"]
[EventCountry "IND"]
[SourceTitle "playchess.com"]
[Source "ChessBase"]
[SourceQuality "1"]
[WhiteTeam "France"]
[BlackTeam "Greece"]
[WhiteTeamCountry "FRA"]
[BlackTeamCountry "GRE"]
[TimeControl "40/5400+30:1800+30"]

1. d4 Nf6 2. c4 e6 3. g3 d5 4. Bg2 dxc4 5. Nf3 c5 6. Qa4+ Nbd7 7. Nc3 a6 8. O-O Rb8 9. dxc5 Bxc5 10. Qxc4 b5 11. Qd3 Bb7 12. Bf4 Rc8 13. Ng5 {[%emt 0:01:37] E02: Open Catalan: 5 Qa4+.} Bxg2 14. Kxg2 e5 15. Bd2 {[%emt 0:10:35][%cal Bf4d2,Bd2a5,Ba5c3][%mdl 32] [#]} Nb6 $146 (15... O-O $11) ({Predecessor:} 15... h6 16. Nge4 O-O 17. Rfd1 Qb6 18. Qf3 Bd4 19. e3 Nxe4 20. Qxe4 Nf6 21. Qf5 Qc6+ {½-½ (54) Istratescu,A (2670)-Bauer,C (2649) Geneve 2014}) 16. Qxd8+ $14 Rxd8 17. Nce4 Nxe4 18. Nxe4 {[%emt 0:00:55] Strongly threatening Ba5.} Be7 19. Ba5 Rb8 20. Rac1 {[%emt 0:15:05] Bxb6 is the strong threat.} Nc4 21. Bc3 f6 22. Rfd1 $1 Kf7 23. b3 $1 Nb6 24. Ba5 Rhc8 {[%emt 0:00:33] Prevents Rc7.} 25. Rxc8 Nxc8 26. Rc1 {[%emt 0:00:10] White is more active.} Ke6 27. f3 f5 28. Nc5+ (28. Bc7 $16 Ra8 29. Nc5+ Kd5 30. e4+ fxe4 31. fxe4+ (31. Nxe4 Na7 $14) 31... Kd4 32. Nd7 Kxe4 33. Bxe5) 28... Bxc5 $11 29. Rxc5 {[%emt 0:00:02][%mdl 4096] Endgame Black must now prevent Rc6+. KRB-KRN} Ne7 {[%emt 0:01:30] Prevents Rc6+.} 30. Bc7 Rc8 31. Rxe5+ Kd7 $1 32. Bb6 {[%emt 0:00:19] aiming for Bc5.} Rc2 33. a4 Kd6 34. f4 Nd5 35. Ba7 Rb2 (35... g6 $11 {remains equal.}) 36. axb5 axb5 37. Rxf5 Rxe2+ 38. Kh3 $1 Ke6 (38... Rb2 $142) 39. Rf8 (39. Rh5 $142) 39... Rd2 $16 40. f5+ Ke5 41. Rf7 h5 (41... b4 $14) 42. Bc5 (42. Rxg7 $6 Kxf5 43. Rf7+ Kg6 $11) 42... Nf6 (42... Ke4 $16 {was necessary.} 43. Bf8 (43. Rxg7 Rd3 $16) 43... Rf2 44. Bxg7 Rxf5 45. Rxf5 Kxf5) 43. Bf8 $1 $18 ({Less strong is} 43. Rxg7 Kxf5 44. Rg5+ Kxg5 $16) 43... Rd7 44. Rxd7 ({Resist} 44. Rxg7 Kxf5 45. Rxd7 Nxd7 $16) 44... Nxd7 45. Bxg7+ Kxf5 {[%emt 0:00:01] KB-KN} 46. b4 {[%emt 0:00:00] Prevents Nc5.} (46. Bd4 $18) 46... Nb6 $14 47. Kh4 Kg6 48. Bf8 Nd7 49. Be7 Ne5 50. Kh3 (50. Bd6 $1 $14 Nf3+ 51. Kh3) 50... Kf5 51. Bd6 {[%emt 0:00:00] Hoping for Bxe5.} Nf3 ({Better is} 51... Nd3 $1 $11) 52. Kg2 $1 Ke4 53. Bc7 ({White should play} 53. g4 $1 $16 ) 53... Ng5 (53... Nd4 $1 $11) 54. Bb8 $16 Nf3 {[%emt 0:00:26] [#]} 55. Bf4 (55. g4 $1 $16 ) 55... Ne1+ $11 56. Kh3 Nf3 57. Bd6 {[%emt 0:00:00] And now g4 would win.} Kf5 {[%emt 0:00:05] Inhibits g4+.} 58. Kg2 ({White should try} 58. Bf8 $11) 58... Ke4 $1 $16 {[%emt 0:00:07] [#]} 59. h3 (59. g4 $1 $16 ) 59... Ne1+ $1 $11 {[%emt 0:00:54] The position is equal.} 60. Kf2 (60. Kf1 $5 Nd3 61. Ke2 $11) 60... Nd3+ 61. Ke2 Nc1+ 62. Kd2 Nd3 63. Ke2 Nc1+ 64. Kf2 Nd3+ {[%emt 0:00:23] Weighted Error Value: White=0.16 (very precise) /Black=0.18 (very precise)} 1/2-1/2

[Event "44th Chess Olympiad Open 2022"]
[Site "Chennai"]
[Date "2022.08.09"]
[Round "11.10"]
[White "Lagarde, Maxime"]
[Black "Ioannidis, Evgenios"]
[Result "1/2-1/2"]
[ECO "C78"]
[WhiteElo "2631"]
[BlackElo "2459"]
[Annotator "TA"]
[PlyCount "120"]
[EventDate "2022.07.29"]
[EventType "team-tourn"]
[EventCountry "IND"]
[SourceTitle "playchess.com"]
[Source "ChessBase"]
[SourceQuality "1"]
[WhiteTeam "France"]
[BlackTeam "Greece"]
[WhiteTeamCountry "FRA"]
[BlackTeamCountry "GRE"]
[TimeControl "40/5400+30:1800+30"]

1. e4 e5 2. Nf3 Nc6 3. Bb5 a6 4. Ba4 Nf6 5. O-O Bc5 6. Nxe5 Nxe5 7. d4 b5 {[%emt 0:00:33] C78: Ruy Lopez: Archangelsk and Möller Defences.} 8. dxe5 (8. Bb3 $5 Bxd4 9. Qxd4 $11) 8... Nxe4 (8... bxa4 9. Bg5 $16) 9. Bb3 Bb7 10. Qh5 {[%emt 0:09:21][%csl Gb3][%cal Rh5f7] Inhibits Qh4.} Qe7 (10... O-O $15) 11. Nc3 $11 {[%emt 0:03:44] Strongly threatening Nxe4.} Nxc3 {[%emt 0:05:29] [#]} 12. Bg5 $146 ({Predecessor:} 12. bxc3 O-O-O 13. Bf4 g5 14. Bg3 f5 15. exf6 Qe4 16. Qf3 Qxf3 17. gxf3 Rhf8 18. Rae1 Rxf6 {0-1 (37) Dzhumaev,M (2505)-Gareyev,T (2551) Tashkent 2007}) 12... g6 13. Bxe7 {[%emt 0:00:32][%cal Bg5e7,Be7c5,Bc5e3][%mdl 32] Dancing on a razor blade.} gxh5 14. Bxc5 Ne2+ 15. Kh1 Rg8 16. f3 {[%emt 0:00:05] Threatens to win with Be3.} Nf4 17. g3 Ne6 18. Be3 h4 19. Kg2 h5 20. Kf2 (20. Kh3 $5 ) 20... hxg3+ 21. hxg3 {[%emt 0:00:04] Rh1 is the strong threat.} Ng5 22. Bxg5 (22. Ke2 {is interesting.} Nh3 23. g4 hxg4 24. fxg4 Rxg4 25. Bxf7+ Ke7 26. Bb3) 22... Rxg5 23. c3 Ke7 24. f4 Rg7 25. Bd1 Rh8 (25... Rag8 $5 26. Rg1 h4 $15) 26. a4 (26. Bf3 $11 {keeps the balance.} Bxf3 27. Kxf3) 26... h4 $17 27. g4 h3 $1 28. axb5 axb5 29. Bf3 Bxf3 30. Kxf3 {[%emt 0:00:03][%mdl 4096] Endgame KRR-KRR} h2 31. Rae1 (31. g5 $17) 31... Rh3+ $1 $19 32. Kg2 Rd3 (32... Rh4 $1 $19 33. g5 h1=R 34. Rxh1 Rxf4) 33. Kxh2 (33. g5 $11 {was the only way to keep the balance.}) 33... Rxg4 $17 34. Rf2 {[%emt 0:00:32] [#]} Ke6 $1 35. f5+ Kd5 36. e6 (36. Rfe2 $142) 36... dxe6 $19 37. fxe6 fxe6 38. Rfe2 Rg6 (38... c5 $19 39. Rxe6 Rg5) 39. Re5+ $17 {[%emt 0:00:09] [#]} Kd6 (39... Kc6 $1 $17 {Hoping for ...Rd2+.} 40. R1e2 (40. Rxe6+ Rxe6 41. Rxe6+ Kd5 $17) 40... Rd6) 40. Rxb5 $15 Rd5 41. Rxd5+ {[%emt 0:30:44] The position is equal.} exd5 $11 {[%emt 0:30:47] KR-KR} 42. Rg1 Rf6 43. Kg2 Kc5 44. Rd1 c6 45. Rd4 Rf8 46. Rb4 Kd6 47. Rb6 Rf6 48. b4 $1 Kc7 49. Ra6 Rf4 50. Kg3 Rc4 51. Ra3 d4 52. cxd4 (52. Ra7+ Kb6 53. Ra2 dxc3 $19) 52... Rxd4 53. Kf3 Kb6 54. Ke3 Rh4 {[%emt 0:00:00] ( -> ...Rh3+)} 55. Ra8 Rxb4 56. Kd3 Rh4 57. Kc3 Kb5 58. Rg8 Rh3+ 59. Kc2 c5 60. Rg4 c4 {[%emt 0:00:00] And White is the lucky defender.  Weighted Error Value: White=0.16 (very precise) /Black=0.12 (very precise)} 1/2-1/2

[Event "44th Chess Olympiad Open 2022"]
[Site "Chennai"]
[Date "2022.08.09"]
[Round "11.10"]
[White "Mastrovasilis, Dimitrios"]
[Black "Moussard, Jules"]
[Result "1/2-1/2"]
[ECO "B52"]
[WhiteElo "2599"]
[BlackElo "2672"]
[Annotator "TA"]
[PlyCount "149"]
[EventDate "2022.07.29"]
[EventType "team-tourn"]
[EventCountry "IND"]
[SourceTitle "playchess.com"]
[Source "ChessBase"]
[SourceQuality "1"]
[WhiteTeam "Greece"]
[BlackTeam "France"]
[WhiteTeamCountry "GRE"]
[BlackTeamCountry "FRA"]
[TimeControl "40/5400+30:1800+30"]

1. e4 c5 2. Nf3 d6 3. Bb5+ Bd7 4. Bxd7+ Qxd7 5. O-O Nc6 6. c3 d5 7. d3 e6 8. Qe2 Be7 9. Re1 h6 10. Bf4 Nf6 11. Nbd2 Nh5 12. Be5 O-O 13. h3 f5 14. exd5 exd5 15. Bh2 Bd6 16. Bxd6 Qxd6 17. Ne5 ({Better is} 17. Qe3 $11) 17... Nf4 $15 18. Qe3 Qxe5 19. Qxe5 Nxe5 20. Rxe5 Nxd3 21. Rxd5 Rad8 22. Rxd8 Rxd8 23. Nc4 b5 24. Na3 a6 (24... Nxb2 $15 25. Nxb5 Rd7) 25. Rd1 $11 Kf7 26. Nc2 (26. c4 $11) 26... Ke8 $15 27. b4 g6 28. Kf1 Ke7 29. g3 Rd6 30. Ke2 Nb2 31. Rd2 Na4 32. Rxd6 $1 Kxd6 33. Kd3 Nb2+ 34. Kd2 cxb4 35. Nxb4 a5 36. Nd3 Nxd3 37. Kxd3 Kd5 38. h4 g5 39. hxg5 $1 hxg5 40. Kd2 Kc4 41. Kc2 $1 a4 42. Kd2 b4 43. cxb4 Kxb4 44. Kc2 $1 Kc4 45. Kd2 Kd4 (45... a3 $5) 46. Kc2 $1 Ke4 47. Kd2 $1 Kf3 (47... Kd4 $5) 48. Ke1 Kg2 (48... a3 $5 49. Kf1 f4 50. gxf4 gxf4 $11) 49. Ke2 Kh2 50. Kd2 Kh1 (50... Kg2 $5 51. Ke2 a3 $11) 51. Kd1 a3 (51... Kg1 $5 52. Ke1 Kh2 $11) 52. Kd2 $1 Kh2 (52... Kg1 $5 53. Ke2 Kg2 $11) 53. Kd3 $1 Kg2 54. Ke3 Kf1 (54... g4 $5 55. Ke2 Kg1 $11) 55. Kf3 $1 Kg1 56. Ke2 $1 Kh2 57. Kd3 Kg1 (57... Kg2 $5 58. Ke3 Kf1 $11) 58. Ke2 $1 Kh1 59. Kd2 $1 Kg1 (59... Kh2 $5) 60. Ke2 $1 Kg2 61. Ke3 Kf1 (61... Kg1 $5 62. Ke2 $11) 62. Kf3 $1 Ke1 (62... Kg1 $5 63. Ke2 $11) 63. Ke3 Kd1 (63... Kf1 $5 64. Kf3 $11) 64. Kd3 Ke1 (64... g4 $5 65. Ke3 Kc2 $11) 65. Ke3 $1 Kd1 (65... Kf1 $5 66. Kf3 $11) 66. Kd3 g4 (66... Ke1 $5 67. Ke3 $11) 67. Ke3 Kc2 68. Ke2 $1 Kc3 69. Ke3 Kb2 (69... Kc2 $5) 70. Kd2 Kb1 (70... Kxa2 $5 71. Kc2 Ka1 $11) 71. Kd1 Kxa2 (71... Kb2 $5) 72. Kc2 Ka1 73. Kc1 $1 Ka2 (73... a2 $5) 74. Kc2 Ka1 75. Kc1 $1 1/2-1/2

[Event "44th Chess Olympiad Open 2022"]
[Site "Chennai"]
[Date "2022.08.09"]
[Round "11.10"]
[White "Banikas, Hristos"]
[Black "Cornette, Matthieu"]
[Result "1/2-1/2"]
[ECO "E16"]
[WhiteElo "2598"]
[BlackElo "2551"]
[Annotator "TA"]
[PlyCount "118"]
[EventDate "2022.07.29"]
[EventType "team-tourn"]
[EventCountry "IND"]
[SourceTitle "playchess.com"]
[Source "ChessBase"]
[SourceQuality "1"]
[WhiteTeam "Greece"]
[BlackTeam "France"]
[WhiteTeamCountry "GRE"]
[BlackTeamCountry "FRA"]
[TimeControl "40/5400+30:1800+30"]

1. d4 Nf6 2. c4 e6 3. g3 d5 4. Bg2 Bb4+ 5. Nd2 O-O 6. Ngf3 b6 7. O-O Bb7 8. b3 {[%emt 0:00:15] E16: Queen's Indian: 4 g3 Bb7 5 Bg2 Bb4+.} Re8 9. Bb2 {[%emt 0:00:14] Prevents Bc3.} a5 10. Rc1 a4 11. a3 Bxd2 12. Nxd2 axb3 {[%emt 0:00:04] [#]} 13. cxd5 $146 ({Predecessor:} 13. Qxb3 Nbd7 14. Rfd1 Ra7 15. Qc2 Ba8 16. cxd5 exd5 17. e3 Qe7 18. a4 h6 19. Ra1 {½-½ (40) Dronov,A (2675)-Langeveld,R (2674) ICCF email 2019}) 13... exd5 14. Re1 Nbd7 15. Qxb3 Ra7 16. Rc2 Ba8 17. Nb1 Ne4 18. Nc3 Nxc3 19. Bxc3 Nf6 20. Bb4 Bb7 21. Qf3 Bc8 22. Qf4 Nh5 23. Qf3 Nf6 24. Qf4 Nh5 25. Qd2 Bf5 26. Rc3 Nf6 27. f3 h6 28. Rec1 Qd7 (28... Bd7 $11) 29. g4 $14 Bg6 30. Kf2 Nh7 {[%emt 0:05:38] [#]} (30... Re6 $14) 31. Qf4 $1 $16 Qb5 (31... Rc8 $16) 32. Re3 $2 ({Don't do} 32. Rxc7 $6 Qxe2+ 33. Kg3 Rxc7 34. Qxc7 Nf6 $14) (32. Bf1 $18) 32... Rxe3 (32... Ng5 $1 $11) 33. Qxe3 {[%emt 0:01:55] And now Qe7 would win.} Qd7 34. Qe7 {[%emt 0:06:32] Prevents Nf8. White is more active.} Qxe7 35. Bxe7 Ng5 36. Rc6 Ne6 37. e3 Bd3 38. Bf1 Bxf1 {[%emt 0:00:40] The position is equal.} 39. Kxf1 $11 {[%emt 0:00:08][%mdl 4096] Endgame KRB-KRN} Ra8 40. f4 Re8 41. Bh4 g5 42. fxg5 hxg5 43. Bg3 Ra8 44. Kf2 Rxa3 45. Bxc7 Ra2+ 46. Kf3 Nxc7 47. Rxc7 {[%emt 0:00:00] KR-KR} Kg7 48. Rd7 Ra5 49. Kg3 Rb5 50. h4 gxh4+ 51. Kxh4 Kf6 52. Kg3 Ke6 53. Rc7 Rb1 54. Rc6+ Kd7 55. Rf6 Ke7 56. g5 Rg1+ 57. Kf4 Rf1+ ({But not} 57... b5 58. Rb6 $16) 58. Ke5 Rg1 59. Rxb6 {[%emt 0:00:00] [#] Threatens to win with Rb7+.} Rxg5+ {[%emt 0:00:05] Weighted Error Value: White=0.14 (very precise) /Black=0.08 (flawless)} 1/2-1/2

[Event "44th Chess Olympiad Open 2022"]
[Site "Chennai"]
[Date "2022.08.09"]
[Round "11.11"]
[White "Sethuraman, S.P."]
[Black "Suleymenov, Alisher"]
[Result "1/2-1/2"]
[ECO "B31"]
[WhiteElo "2623"]
[BlackElo "2467"]
[Annotator "TA"]
[PlyCount "69"]
[EventDate "2022.07.29"]
[EventType "team-tourn"]
[EventCountry "IND"]
[SourceTitle "playchess.com"]
[Source "ChessBase"]
[SourceQuality "1"]
[WhiteTeam "India"]
[BlackTeam "Kazakhstan"]
[WhiteTeamCountry "IND"]
[BlackTeamCountry "KAZ"]
[TimeControl "40/5400+30:1800+30"]

1. e4 c5 2. Nf3 Nc6 3. Bb5 g6 4. Bxc6 bxc6 5. O-O Bg7 6. Re1 Nh6 7. c3 O-O 8. d4 cxd4 9. cxd4 d5 10. e5 {[%emt 0:00:04] B31: Sicilian: 2...Nc6 3 Bb5 g6.} f6 11. Qc2 {[%emt 0:00:05] Recently 11.h3 got a lot of attention.} Qb6 12. Bxh6 Bxh6 13. e6 Rb8 14. b3 Qc7 15. Nc3 Qd6 $1 16. Qe2 c5 $1 17. Rad1 {[%emt 0:12:31] With the idea dxc5.} Bb7 {[%emt 0:07:17] [#]} (17... Ba6 $11 18. dxc5 Bxe2 19. cxd6 Bxd1 20. Rxd1 exd6) 18. h4 $146 {[%emt 0:01:56][%cal Bh2h4,Bh4h5][%mdl 32] White is more active.} (18. Nb5 $5 Qb6 19. dxc5 Qxc5 20. Nbd4 $15) ({Predecessor:} 18. Nb5 Qb6 19. dxc5 Qxc5 20. Nbd4 Rbc8 21. h4 Qa3 22. h5 Ba6 23. Nb5 Qc5 24. a4 {½-½ (94) Van Foreest,J (2621)-Kamsky,G (2685) Douglas 2019}) 18... Kh8 19. Nb5 Qb6 20. dxc5 Qxc5 21. Nbd4 Qd6 $2 {[%emt 0:14:17] [#]} ({Better is} 21... Bf4 $14) 22. h5 $1 $18 Ba6 (22... gxh5 $2 23. Nf5 Qf4 24. Nxe7 $18) 23. Qb2 Rg8 (23... gxh5 $2 24. Nf5 Qf4 25. Nxe7 $18) (23... Bb5 {was called for.} 24. Nxb5 Rxb5) 24. hxg6 Qf4 {[%emt 0:09:28] Inhibits Nf5.} (24... Rxg6 $2 25. Nh4 Qc5 26. Nxg6+ hxg6 27. g3) (24... hxg6 $142 25. g3 Rg7) 25. Qa3 Bb5 (25... Bb7 {keeps fighting.} 26. Qxe7 Rxg6) 26. Nxb5 {[%emt 0:02:29] aiming for Rd4. Pair of Knights!} Rxg6 27. Nbd4 Rbg8 28. Kf1 Rxg2 {[%emt 0:00:25] White must now prevent ...Qg4.} 29. Qxe7 {[%emt 0:02:15] Strongly threatening Qf7.} Qg4 {[%emt 0:07:58][%cal Og2f2] ( -> ...Rxf2+!)} 30. Re3 $2 Bxe3 $11 {[%emt 0:01:25] The position is equal.} 31. Qxf6+ ({Don't go for} 31. fxe3 $2 {[#]} Rg1+ $1 32. Ke2 Qg2+ 33. Kd3 Rxd1+ $19) 31... Rg7 32. Qf8+ Rg8 33. Qf6+ Rg7 34. Qf8+ Rg8 35. Qf6+ {[%emt 0:00:04] Weighted Error Value: White=0.27 (precise) /Black=0.33} 1/2-1/2